 Dungeon Crawl Stone Soup version 0.31-a0-1227-g0136665373 (webtiles) character file.

Game seed: 44192075399273362

90 clenchingflame the Shield-Bearer (level 4, 0/35 HPs)
             Began as a Formicid Fighter on Dec 15, 2023.
             Slain by a gnoll
             ... wielding a +0 whip
              (6 damage)
             ... on level 3 of the Dungeon.
             The game lasted 00:10:21 (1819 turns).

clenchingflame the Shield-Bearer (Formicid Fighter) Turns: 1819, Time: 00:10:21

Health: 0/35       AC: 15    Str: 23    XL:     4   Next: 85%
Magic:  4/4        EV:  9    Int:  7    God:
Gold:   24         SH:  5    Dex: 13    Spells: 3/3 levels left

rFire   . . .        a - +0 trident (protect)
rCold   . . .        c - +0 buckler
rNeg    . . .        b - +0 scale mail
rPois   .            (helmet unavailable)
rElec   .            (no cloak)
rCorr   .            l - +0 pair of gloves
SInv    +            (no boots)
Will    .....        (no amulet) Stlth
                     (no ring)
HPRegen 0.25/turn    (no ring)
MPRegen 0.09/turn

%: no passive effects
@: weak-willed, under a protective aura
A: permanent stasis, dig shafts and tunnels, antennae 3, four strong arms
a: Dig, Shaft Self


You were on level 3 of the Dungeon.
You visited 1 branch of the dungeon, and saw 3 of its levels.

You collected 24 gold pieces.

Inventory:

Hand Weapons
 a - a +0 trident of protection (weapon)
Missiles
 g - 29 stones (quivered)
Armour
 b - a +0 scale mail (worn)
 c - a +0 buckler (worn)
 l - a +0 pair of gloves (worn)
Jewellery
 h - a ring of fire
Scrolls
 f - 2 scrolls of identify
 k - a scroll of blinking
Potions
 d - a potion of might
 j - a potion of enlightenment


   Skills:
 - Level 3.2 Fighting
 * Level 4.1 Polearms
 - Level 3.2 Armour
 - Level 5.0 Shields


You had 3 spell levels left.
You didn't know any spells.
Your spell library was empty.

Dungeon Overview and Level Annotations

Branches:
Dungeon (3/15)

Altars:
Sif Muna

Shops:
D:1 (   D:2 !(


Innate Abilities, Weirdness & Mutations

You cannot be hasted, slowed, berserked, paralysed or teleported.
You can dig through walls and to a lower floor.
You have a pair of large antennae on your head. (SInv)
Your four strong arms can wield two-handed weapons with a shield.


Message History

You closely miss the gnoll.
The gnoll is almost dead.
The gnoll hits you but does no damage.
You barely miss the gnoll.
The gnoll is almost dead.
You block the gnoll's attack.
You puncture the gnoll!
You kill the gnoll!
The gnoll hits you with a +0 whip.
* * * LOW HITPOINT WARNING * * *
Your Polearms skill increases to level 4!
It was a potion of enlightenment.
You feel very buoyant.
You fly up into the air.
The gnoll hits you but does no damage.
It was a potion of cancellation.
Your magical effects are unravelling.
You feel magically purged.
You float gracefully downwards.
Your enlightenment fades.
The gnoll hits you but does no damage.
As you read the scroll labelled OSIGEMMATEPP, it crumbles to dust.
Magic quickly surges around you.
It was a scroll of vulnerability.
The gnoll hits you but does no damage.
As you read the scroll labelled RUNAOKL EMNU, it crumbles to dust.
It is a scroll of identify.
k - a scroll of blinking The gnoll hits you but does no damage.
As you read the scroll labelled AXTUUGHYVOZ, it crumbles to dust.
It is a scroll of brand weapon.
Your +0 trident projects an invisible shield of force!
a - a +0 trident of protection (weapon)
The gnoll hits you but does no damage.
You barely miss the gnoll. The gnoll hits you but does no damage.
You hit the gnoll.
Your weapon exudes an aura of protection.
The gnoll is lightly wounded.
The gnoll hits you but does no damage.
You closely miss the gnoll.
The gnoll is lightly wounded.
The gnoll hits you with a +0 whip.
You die...

#.#.... #.#..#
#########.#..#####.
#..................
#.#########.######
#.# #...# #.# #.###
#.# #.######## #.#
#@#....... #.#
#g#.?gg.# #.#
#g..g...# ##.##
###.....# #...#
.....# ###.#.###
######
#...#...##########
#.#####..........#
#...#...########.#


You could see 2 gnolls.

Vanquished Creatures
  2 gnolls (D:3)
  2 adders (D:2)
  A worm (D:2)
  4 endoplasms
  7 giant cockroaches
  4 goblins
  6 hobgoblins
  4 jackals (D:2)
  3 kobolds
  A quokka (D:2)
  A ball python (D:1)
  5 bats
  2 frilled lizards
  4 rats
46 creatures vanquished.

Notes
Turn   | Place    | Note
-------+----------+-------------------------------------------
     0 | D:1      | clenchingflame the Formicid Fighter began the quest for the
                  | Orb.
     0 | D:1      | Reached XP level 1. HP: 18/18 MP: 1/1
   125 | D:1      | Reached XP level 2. HP: 16/24 MP: 2/2
   251 | D:1      | Found Camemen's Weapon Emporium.
   701 | D:1      | Reached XP level 3. HP: 29/29 MP: 3/3
   910 | D:1      | Found a shimmering blue altar of Sif Muna.
  1135 | D:2      | Found Rem Wega's Distillery.
  1152 | D:2      | Reached XP level 4. HP: 35/35 MP: 4/4
  1160 | D:2      | Noticed a +0 lajatang
  1161 | D:2      | Found Kojes's Weapon Shop.
  1163 | D:2      | Noticed a +0 rapier
  1430 | D:2      | Reached skill level 5 in Shields
  1819 | D:3      | Slain by a gnoll

Illustrated notes

Levels and vault maps discovered:
D:1:      dpeg_arrival_water_altar, layout_loops_ring, serial_shops, shop,
          chequers_serial_rivers_micro_c, minmay_misc_feat_ornament
D:2:      layout_basic, serial_shops, nicolae_shop_mannequins,
          nicolae_shop_advertising_works [nicolae_subvault_shop_adworks]
D:3:      layout_loops_ring, gammafunk_ghost_arena, uniq_sigmund

Skill      XL: |  1  2  3  4 |
---------------+-------------+-----
Polearms       | 3 4 |  4.1
Shields        | 5 |  5.0
Fighting       | |  3.2
Armour         | |  3.2

Action                     |  1- 3 |  4- 6 || total
---------------------------+-------+-------++-------
  Melee: Trident           |    41 |    52 ||    93
         Flail             |    54 |    11 ||    65
Ability: Dig               |     1 |       ||     1
    Use: Scroll            |       |     3 ||     3
         Potion            |       |     2 ||     2
 Armour: Scale mail        |    62 |    29 ||    91
  Dodge: Dodged            |    34 |    17 ||    51
  Block: Buckler           |    19 |     9 ||    28

Table legend: (Time is in decaauts)
 A = Elapsed time spent in this place.
 B = Non-inter-level travel time spent in this place.
 C = Inter-level travel time spent in this place.
 D = Time resting spent in this place.
 E = Time spent auto-exploring this place.
 F = Levels seen in this place.
 G = Mean time per level.
                   A        B        C        D        E       F      G
               +--------+--------+--------+--------+--------+-----+--------+
         Total |   1864 |   1785 |     79 |    104 |   1153 |   3 |  621.3 |
       Dungeon |   1864 |   1785 |     79 |    104 |   1153 |   3 |  621.3 |
               +--------+--------+--------+--------+--------+-----+--------+

Top non-repeatable levels by time:
     D:1: 956 daAuts
     D:2: 816 daAuts
     D:3: 92 daAuts
